Map: 로스트 앤 파운드 - 래더

Players

lIIllllIIlll (INnoVation) - Winner!

  • Race: Terran Terran
  • League: Master
  • Spawn Location: 7:00

liquidthermy (uThermal)

  • Race: Protoss Protoss
  • League: Grandmaster
  • Spawn Location: 1:00

Event: HomeStory Cup XVII

VOD

Have the link to the VOD?

Description

Time

  • Played on: June 29, 2018, 12:18 p.m.
  • Length: 10:23

All games in this series

Show
View Real Time Build Order
Export as new Build Order

lIIllllIIlll Terran - Winner!

Build Orders: Reaper Expand, MMM Bio 

Get SALT Encoding   

  12  0:00  SCV  
  13  0:12  SCV  
  14  0:16  Supply Depot  
  14  0:24  SCV  
  15  0:38  Barracks, SCV  
  16  0:43  Refinery  
  16  0:50  SCV  
  17  1:02  SCV  
  18  1:14  SCV  
  19  1:26  Orbital Command, Reaper  
  20  1:41  Command Center  
  20  1:52  SCV  
  20  1:53  Supply Depot  
  21  1:58  Marine  
  22  2:05  Factory  
  22  2:07  SCV  
  23  2:14  Refinery  
  23  2:19  SCV  
  23  2:20  Barracks Reactor  
  24  2:31  SCV  
  25  2:43  SCV  
  25  2:48  Widow Mine  
  27  2:53  Orbital Command  
  27  2:54  Starport  
  27  2:55  SCV  
  27  2:57  Marine x2  
  30  3:08  SCV  
  30  3:10  Widow Mine  
  30  3:11  Barracks  
  33  3:14  Marine  
  33  3:15  Marine  
  33  3:19  SCV  
  36  3:20  SCV  
  37  3:30  Viking  
  37  3:33  SCV x2, Factory Tech Lab  
  41  3:39  Marine  
  41  3:40  Supply Depot, Marine  
  43  3:45  SCV  
  43  3:46  SCV  
  45  3:53  Supply Depot  
  45  3:58  SCV  
  45  4:00  Barracks  
  45  4:01  Marine x2, SCV  
  49  4:06  Stimpack, Marine  
  50  4:10  Engineering Bay  
  50  4:14  SCV x2  
  50  4:16  Factory Tech Lab  
  52  4:19  Marine x2  
  52  4:23  Supply Depot  
  54  4:25  Marine  
  54  4:26  SCV  
  54  4:27  SCV  
  54  4:30  Refinery  
  57  4:36  Starport Reactor  
  57  4:37  Terran Infantry Weapons Level 1  
  57  4:41  Missile Turret  
  57  4:42  SCV  
  57  4:43  SCV  
  57  4:44  Factory Reactor  
  59  4:53  Bunker, Supply Depot  
  59  4:54  Marauder  
  59  4:55  Marauder  
  59  4:57  Combat Shields  
  63  5:00  SCV x2  
  63  5:04  Supply Depot  
  63  5:06  Marine x2  
  67  5:12  SCV x2  
  69  5:18  Supply Depot  
  69  5:20  Widow Mine, Medivac x2  
  75  5:22  Widow Mine  
  75  5:25  Supply Depot  
  77  5:30  Marauder x2  
  77  5:32  Marine  
  77  5:33  Marine  
  83  5:37  SCV  
  83  5:39  SCV  
  83  5:40  Supply Depot  
  85  5:44  Widow Mine  
  85  5:47  Widow Mine  
  85  5:48  Supply Depot  
  85  5:49  Marine  
  89  5:50  Marine  
  89  5:55  Medivac  
  89  5:56  Medivac  
  89  6:05  Command Center  
  89  6:10  SCV x2  
  90  6:12  Refinery, Marine x2  
  90  6:13  Marauder x2  
  90  6:14  Concussive Shells  
  96  6:23  SCV x2  
  96  6:30  Marine x2  
  96  6:34  Marauder x2  
  96  6:39  SCV  
  102  6:40  SCV  
  102  6:41  Barracks  
  102  6:45  Barracks  
  102  6:50  Marine x2  
  102  6:52  SCV x2  
  106  6:55  Terran Infantry Armor Level 1  
  106  6:56  Marauder x2  
  106  7:00  Supply Depot  
  110  7:04  SCV x2  
  110  7:11  Marine x2  
  108  7:17  Marauder x2  
  108  7:19  SCV x2  
  108  7:20  Medivac x2  
  111  7:24  Orbital Command  
  107  7:31  SCV x2  
  107  7:35  Barracks Reactor, Barracks Tech Lab  
  108  7:41  Marine x2, Marauder x2  
  113  7:45  SCV x2  
  115  7:55  Armory  
  115  7:58  Engineering Bay  
  115  8:00  Marauder  
  115  8:01  Marine x2  
  115  8:02  Marauder x2  
  115  8:03  SCV x3  
  126  8:09  Medivac, Supply Depot  
  126  8:10  Supply Depot  
  126  8:11  Medivac  
  130  8:13  Widow Mine  
  130  8:14  Widow Mine  
  130  8:18  SCV x3  
  130  8:19  Supply Depot  
  137  8:24  Refinery  
  137  8:25  Refinery  
  137  8:27  Supply Depot  
  137  8:30  Marauder x2  
  137  8:31  Marauder  
  143  8:35  Ghost Academy, Marine x4  
  143  8:38  Widow Mine x2  
  151  8:53  Marine  
  151  8:55  Missile Turret  
  151  9:01  Widow Mine  
  151  9:02  Widow Mine, Marine x3  
  157  9:05  Ghost x3  
  155  9:19  Command Center  
  156  9:24  Marine x2  
  156  9:25  Marine x2, Barracks  
  156  9:26  Viking  
  156  9:27  Barracks  
  156  9:28  Barracks  
  162  9:34  Supply Depot  
  158  9:41  Ghost  
  158  9:42  Ghost x2  
  158  9:45  Marine x4  
Show
View Real Time Build Order
Export as new Build Order

liquidthermy Protoss 

Build Orders: 1 Gate Expand, Archon Immortal, Blink Stalkers, Zealot Archon 

Get SALT Encoding   

  12  0:01  Probe  
  13  0:13  Probe  
  14  0:17  Pylon  
  14  0:23  Probe  
  15  0:31  Probe  
  16  0:37  Gateway  
  16  0:39  Probe  
  16  0:45  Assimilator  
  17  0:51  Probe  
  18  0:59  Probe  
  19  1:07  Probe  
  20  1:22  Nexus  
  20  1:34  Cybernetics Core  
  20  1:39  Assimilator  
  20  1:41  Probe  
  21  1:48  Pylon  
  21  1:53  Probe  
  22  2:01  Adept  
  22  2:05  Probe  
  23  2:11  Warp Gate  
  25  2:17  Probe  
  26  2:26  Stalker  
  26  2:29  Probe  
  29  2:35  Probe  
  30  2:43  Probe  
  31  2:47  Stalker  
  31  2:48  Twilight Council  
  31  2:53  Probe  
  31  2:58  Probe  
  35  2:59  Blink  
  35  3:05  Probe  
  36  3:11  Probe  
  37  3:17  Probe, Stalker  
  40  3:25  Gateway, Probe  
  41  3:27  Gateway  
  41  3:31  Probe  
  42  3:37  Probe  
  42  3:38  Pylon  
  43  3:43  Probe  
  46  3:51  Probe  
  46  3:54  Pylon  
  46  3:55  Assimilator  
  45  3:56  Probe  
  44  4:04  Robotics Facility  
  44  4:08  Probe x2  
  46  4:17  Stalker  
  46  4:20  Probe, Stalker  
  46  4:21  Stalker  
  46  4:22  Probe  
  54  4:31  Shield Battery  
  54  4:32  Probe  
  54  4:33  Shield Battery  
  54  4:34  Probe  
  54  4:35  Pylon  
  56  4:43  Stalker  
  56  4:44  Stalker  
  56  4:45  Probe  
  61  4:46  Observer  
  61  4:52  Pylon  
  62  4:57  Assimilator  
  62  4:58  Stalker  
  64  5:02  Charge  
  64  5:05  Observer  
  64  5:06  Nexus  
  65  5:15  Zealot  
  65  5:16  Zealot  
  69  5:25  Forge  
  69  5:26  Forge  
  69  5:34  Immortal  
  73  5:40  Pylon  
  73  5:44  Zealot x2  
  73  5:46  Protoss Ground Weapons Level 1  
  77  5:53  Protoss Ground Armor Level 1  
  77  5:55  Probe  
  78  6:03  Zealot  
  77  6:13  Gateway  
  77  6:14  Gateway  
  77  6:15  Gateway  
  77  6:23  Gateway  
  77  6:25  Immortal  
  81  6:28  Probe  
  82  6:34  Zealot  
  82  6:35  Zealot  
  82  6:36  Probe x2  
  88  6:40  Pylon  
  88  6:41  Probe  
  89  6:48  Templar Archives  
  89  6:50  Probe  
  90  6:57  Immortal, Probe  
  91  7:02  Zealot x2  
  99  7:11  Zealot x3  
  98  7:18  Protoss Ground Weapons Level 2  
  98  7:21  Zealot  
  98  7:22  Probe  
  94  7:23  Probe  
  94  7:27  Probe  
  83  7:34  Probe  
  83  7:35  Probe  
  83  7:36  Zealot x2  
  87  7:38  Protoss Ground Armor Level 2  
  87  7:41  High Templar x2  
  87  7:43  Probe  
  89  7:45  Archon  
  89  7:48  Probe  
  87  8:02  High Templar x2  
  87  8:03  Zealot x3  
  97  8:06  Archon  
  97  8:08  Probe x3, Shield Battery  
  100  8:14  Pylon  
  100  8:15  Stalker  
  100  8:16  Pylon  
  100  8:19  Stalker  
  104  8:26  Stalker  
  104  8:27  Stalker  
  108  8:33  Pylon  
  109  8:34  Probe x2  
  109  8:36  Pylon  
  108  8:44  Zealot  
  108  8:45  Zealot x2  
  108  8:47  Immortal  
  118  8:50  Pylon  
  118  8:58  Zealot x3  
  118  8:59  Zealot  
  124  9:05  Sentry x2  
  124  9:07  Pylon  
  122  9:21  Zealot x2  
  122  9:22  Zealot x3  
  126  9:26  Immortal  
  130  9:32  High Templar  
  130  9:36  High Templar  
  132  9:40  Archon  
  132  9:43  Zealot x5  
  142  9:45  Pylon  
  126  10:11  Nexus  
  126  10:12  Zealot x6  
Tags
 
Add a new tag
Caveats
  • Supply blocks, unpowered buildings, or Contaminate may cause inaccurate times.
  • Supply counts are checked every 10 seconds.